 Dungeon Crawl Stone Soup version bcrawl-1.21.2-1-g32d02e0829 (webtiles) character file.

Game seed: 7792954043187150470

35859 Foic the Eclecticist (level 13, 0/71 HPs)
             Began as a Fairy Conjurer on Feb 21, 2020.
             Was a Priest of Sif Muna.
             Engulfed by a cloud of flame (28 damage)
             ... in a volcano on Feb 23, 2020.
             The game lasted 01:08:21 (15676 turns).

Foic the Eclecticist (Fairy Conjurer)              Turns: 15676, Time: 01:08:22

Health: 0/71       AC: 17    Str: 10    XL:     13   Next: 86%
Magic:  35/35      EV: 42    Int: 28    God:    Sif Muna [***...]
Gold:   1380       SH: 15    Dex: 16    Spells: 14/44 levels left

rFire    . . .     SeeInvis .   I - +5 spear of Tyerhyk {pierce, Str+4}
rCold    . . .     Gourm    .   R - +0 shield
rNeg     . . .     Faith    .   (armour unavailable)
rPois    .         Spirit   .   S - +2 hat
rElec    .         Reflect  .   (no cloak)
rCorr    .         Harm     .   O - +2 pair of gloves {Dex+3}
MR       +....                  J - +0 pair of boots
Stlth    +.........             t - amulet of the acrobat
HPRegen  0.21/turn              U - +4 ring of intelligence
MPRegen  0.24/turn              N - +4 ring of protection

@: acrobat, flying evasively
A: small, magic attunement, unstealthy, unfitting armour, able to fly, AC/SH +7
a: Stop Flying, Divine Energy, Channel Magic, Renounce Religion


You were in a volcano.
You worshipped Sif Muna.
Sif Muna was most pleased with you.
You were not hungry.

You visited 4 branches of the dungeon, and saw 14 of its levels.
You also visited: Sewer and Volcano.

You collected 1612 gold pieces.
You spent 232 gold pieces at shops.

Inventory:

Hand Weapons
 v - a +2 dagger of speed
 y - a +1 dagger of chaos
 D - a +2 dagger of venom
 I - the +5 spear of Tyerhyk (weapon) {pierce, Str+4}
   (You found it on level 6 of the Dungeon)

   It inflicts extra damage upon your enemies.
   It affects your strength (+4).
 P - a +0 quarterstaff of crushing
Missiles
 i - 2976 stones (quivered)
 j - 2059 arrows
 H - 3 throwing nets {!f}
Armour
 n - +0 shadow dragon scales
 J - a +0 pair of boots (worn)
 O - a +2 pair of gloves of dexterity (worn)
 Q - a +0 troll leather armour
 R - a +0 shield (worn)
 S - a +2 hat (worn)
Jewellery
 h - a +4 ring of intelligence
 k - a +5 ring of dexterity
 t - an amulet of the acrobat (around neck)
 w - an uncursed ring of poison resistance
 C - an uncursed ring of positive energy
 N - a +4 ring of protection (right hand)
 U - a +4 ring of intelligence (left hand)
 V - an uncursed amulet of guardian spirit
Wands
 B - a wand of polymorph (15)
 T - a wand of disintegration (9)
 X - a wand of random effects (16)
Scrolls
 c - 8 scrolls of remove curse
 d - 13 scrolls of identify
 f - 8 scrolls of teleportation {unknown}
 l - a scroll of acquirement {unknown}
 o - a scroll of magic mapping {unknown}
 u - 3 scrolls of amnesia {unknown}
 z - 4 scrolls of enchant weapon {unknown}
 G - a scroll of immolation {unknown}
 K - 2 scrolls of fear {unknown}
 M - 2 scrolls of blinking {unknown}
Potions
 a - 11 potions of curing {unknown}
 b - 3 potions of magic
 g - 2 potions of berserk rage {unknown}
 m - 2 potions of haste {unknown}
 p - 3 potions of mutation {unknown}
 q - a potion of agility {unknown}
 r - 6 potions of flight {unknown}
 s - 4 potions of lignification {unknown}
 x - 9 potions of heal wounds
 A - 2 potions of degeneration {unknown}
 E - 4 potions of brilliance {unknown}
 F - 3 potions of might {unknown}
Miscellaneous
 W - a lightning rod (4/4)
Comestibles
 e - 24 rations {!d}


   Skills:
 * Level 13.9 Dodging
 + Level 3.4 Stealth
 + Level 2.0 Shields
 + Level 16.4 Spellcasting
 + Level 15.4 Conjurations
 + Level 5.7 Hexes
 + Level 1.1 Charms
 + Level 0.5 Necromancy
 + Level 1.2 Transmutations


You had 14 spell levels left.
You knew the following spells:

 Your Spells              Type           Power        Failure   Level  Hunger
a - Magic Dart            Conj           ####         1%          1    None
b - Iskenderun's Mystic   Conj           #######.     1%          3    None
c - Irradiate             Conj/Tmut      ######....   11%         5    None
d - Dazzling Spray        Conj/Hex       ######       1%          3    None
e - Confuse               Hex            ######..     3%          3    None
f - Mana Rupture          Conj/Hex       ######....   78%         7    None
g - Regeneration          Chrm/Necr      ####......   26%         3    None
h - Bolt of Magma         Conj/Fire/Erth ######....   36%         5    None

Your spell library contained the following spells:

 Spells                   Type           Power        Failure   Level  Hunger
 Flame Tongue             Conj/Fire      #####        1%          1    None
 Shock                    Conj/Air       #####        1%          1    None
 Searing Ray              Conj           #######.     1%          2    None
 Stone Arrow              Conj/Erth      ######       1%          3    None
 Fulminant Prism          Conj/Hex       ######....   1%          4    None
 Sandblast                Erth           ###...       12%         1    None
 Cause Fear               Hex            ######....   12%         4    None
 Bolt of Draining         Conj/Necr      ######....   12%         5    None
 Passwall                 Tmut/Erth      ####....     14%         2    None
 Fireball                 Conj/Fire      ######....   14%         5    None
 Orb of Destruction       Conj           #######...   17%         7    None
 Yara's Violent Unravell  Hex/Tmut       #####.....   28%         4    None
 Static Discharge         Air            ###.....     34%         3    None
 Bolt of Fire             Conj/Fire      ######....   58%         6    None
 Petrify                  Tmut/Erth      ####....     67%         4    None
 Metabolic Englaciation   Hex/Ice        #####.....   71%         5    None
 Summon Scorpions         Summ/Pois      ###.....     75%         4    None
 Lee's Rapid Deconstruct  Erth           ###.......   97%         5    None
 Steam Barrier            Chrm/Fire      ####......   100%        6    None
 Haunt                    Necr/Summ      ###.......   100%        7    None
 Borgnjor's Revivificati  Necr           ####......   100%        8    None
 Ignition                 Fire           ###.......   100%        8    None
 Dragon's Call            Summ           ###.......   100%        9    None


Dungeon Overview and Level Annotations

Branches:
Dungeon (8/12)             Temple (1/1) D:7            Lair (4/6) D:7
  Swamp (0/3) Lair:4       Spider (0/3) Lair:4          Orc (1/1) D:8
    Elf (0/3) Orc

Altars:
Ashenzari
Cheibriados
Dithmenos
Elyvilon
Fedhas
Gozag
Hepliaklqana
Kikubaaqudgha
Lugonu
Makhleb
Nemelex Xobeh
Okawaru
Qazlal
Ru
Sif Muna
Trog
Uskayaw
Vehumet
Wu Jian
Xom
Yredelemnul
Zin
The Shining One

Shops:
D:5 (   Orc }%}[

Annotations:
D:5 2 transporters, Quickbrownfox's ghost, novice MiAc
Lair:4 3 runed translucent doors, SirMumm's ghost, journeyman GrWz


Innate Abilities, Weirdness & Mutations

Your spells do not cause hunger and MP costs are reduced by 1.
Your bright wings attract enemies. (Stealth-)
You cannot fit into any form of body armour.
Your shimmering scales are hard and can block incoming attacks. (AC +7, SH +7)
You are small and have problems with some larger weapons.
You can fly continuously.


Message History

Confirm with . or Enter, or press ? or * to list all spells.
Aiming: Iskenderun's Mystic Blast (safe; 1% risk of failure)
Press: ? - help, Shift-Dir - straight line, f - lava snake
Aim: a lava snake (lava)
The orb of energy hits the lava snake!!
You kill the lava snake!
Sif Muna accepts your kill.
The orb of energy explodes!
You start resting.
Magic restored.
The air gets thick with the scent of sulphur.
A lava snake comes into view.
The lava snake moves out of view.
The volcano roars to life, belching forth lava!
You are engulfed in blazing flames.
The air gets thick with the scent of sulphur.
You are engulfed in blazing flames.
The volcano roars to life, belching forth lava!
You are engulfed in blazing flames.
You die...

≈§§§≈§§§≈≈≈§≈............##
≈≈§≈≈§≈≈≈≈≈≈§§§○○○☼..°.○...##
≈≈≈≈§§§§≈≈≈≈§≈§≈°°○○.○○○.....
≈§≈§≈≈§§≈§§≈≈§○§○○≈○§☼§.....####
≈≈≈≈≈§≈≈≈§≈§≈§§○≈§§≈≈§§.....∩.∩#
≈≈≈≈.≈§≈≈§§§°○§○○§§≈○§§≈......###
.........§○≈≈○≈°°○§§§≈≈.......#
#######.≈○○○§☼§°°§§§§≈.......#
#.○○○°○@○○§≈≈≈..........
#.°°°○°○○○≈≈§≈.........#
#.○≈○○○≈°○○≈≈°≈........#
#.°≈§§°°°°☼≈○○§≈........
#.○○○≈§○°≈○°○○≈≈.......#
..#.§§§§○○≈≈○≈°°§§≈.......
###§≈§≈≈§≈≈○≈≈§§§≈.......#
#.§§§§○≈§§☼☼§§§≈........
#.≈≈≈≈§§§§§≈≈≈§§.......#


There were no monsters in sight!

Vanquished Creatures
  Jorgrun (Orc)
  Rupert (Lair:4)
  Snorg (Lair:3)
  Harold (Lair:4)
  2 ogre magi (Orc)
  2 hydras
  8 two-headed ogres (Orc)
  Nergalle (Lair:3)
  2 deep trolls (Orc)
  2 cyclopes (Orc)
  4 cane toads
  3 torpor snails (Lair:3)
  5 komodo dragons
  3 rime drakes (Lair:2)
  9 trolls
  3 hippogriffs
  27 yaks
  A wyvern (Lair:2)
  2 fire bats (Volcano)
  A basilisk (Lair:2)
  A hungry ghost (D:7)
  A swamp worm (Lair:4)
  A warg (Orc)
  Duvessa (D:7)
  5 crocodiles
  2 water moccasins
  4 porcupines
  2 sky beasts
  A hornet zombie (D:7)
  4 orc warriors
  3 ice beasts
  A necrophage (D:8)
  10 wolves
  21 ogres
  5 centaurs
  9 bullfrogs
  4 big kobolds
  Dowan (D:7)
  A wyvern skeleton (D:6)
  A scorpion (D:5)
  4 killer bees (D:8)
  6 lava snakes (Volcano)
  2 centaur zombies
  A bullfrog zombie (D:5)
  6 crimson imps
  4 orc priests
  A centaur skeleton (D:4)
  2 bullfrog skeletons
  6 hounds
  Natasha (thrice) (D:3)
  2 iguanas
  6 worker ants
  10 orc wizards
  A killer bee zombie (D:8)
  A hound zombie (D:5)
  A howler monkey zombie (D:5)
  2 worker ant zombies
  10 adders
  A shadow imp (D:7)
  An adder zombie (D:5)
  6 worms
  6 dart slugs
  5 leopard geckos
  35 orcs
  6 ball pythons
  5 bats
  6 giant cockroaches
  6 goblins
  6 hobgoblins
  13 jackals
  5 quokkas
  6 frilled lizards
  23 kobolds
  15 rats
  A plant (Lair:2)
371 creatures vanquished.

Notes
Turn   | Place    | Note
-------+----------+-------------------------------------------
     0 | D:1      | Foic the Fairy Conjurer began the quest for the Orb.
     0 | D:1      | Reached XP level 1. HP: 11/11 MP: 6/6
    67 | D:1      | Reached skill level 5 in Conjurations
    73 | D:1      | Reached XP level 2. HP: 12/17 MP: 7/7
   550 | D:1      | Reached skill level 3 in Spellcasting
   578 | D:1      | Reached XP level 3. HP: 21/21 MP: 9/9
   583 | D:1      | Learned a level 3 spell: Iskenderun's Mystic Blast
  1248 | D:2      | Reached XP level 4. HP: 27/27 MP: 3/10
  1484 | D:2      | Found a faded altar of an unknown god.
  1935 | D:3      | Reached skill level 4 in Spellcasting
  1935 | D:3      | Reached XP level 5. HP: 31/31 MP: 7/13
  2096 | D:3      | Learned a level 5 spell: Irradiate
  2178 | D:3      | Noticed Natasha
  2180 | D:3      | Killed Natasha
  2474 | D:3      | Reached XP level 6. HP: 24/36 MP: 7/15
  2607 | D:3      | Noticed Natasha
  2610 | D:3      | Killed Natasha
  2663 | D:3      | Noticed Natasha
  2665 | D:3      | Killed Natasha
  2665 | D:3      | Reached skill level 5 in Spellcasting
  3003 | D:4      | Reached XP level 7. HP: 41/41 MP: 14/17
  3062 | D:4      | Reached skill level 5 in Dodging
  3062 | D:4      | Reached skill level 6 in Spellcasting
  3670 | D:4      | Found a shimmering altar of Xom.
  3753 | D:4      | Reached skill level 7 in Spellcasting
  3753 | D:4      | Reached XP level 8. HP: 46/46 MP: 16/20
  3894 | D:5      | Entered Level 5 of the Dungeon
  3941 | D:5      | Noticed Quickbrownfox's ghost (novice MiAc)
  4030 | D:5      | Found a transporter.
  4154 | D:5      | Found a transporter.
  4213 | D:5      | Found a glowing drain.
  4224 | Sewer    | Entered a sewer
  4315 | Sewer    | Reached skill level 8 in Spellcasting
  4781 | D:5      | Found Xusifep's Antique Weapon Emporium.
  5005 | D:6      | Got an iridescent spear
  5068 | D:6      | Learned a level 3 spell: Dazzling Spray
  5072 | D:6      | Learned a level 3 spell: Confuse
  5136 | D:6      | Reached XP level 9. HP: 51/51 MP: 16/23
  5177 | D:6      | Reached skill level 9 in Spellcasting
  5650 | D:6      | Reached skill level 1 in Hexes
  6103 | D:7      | Reached skill level 10 in Conjurations
  6246 | D:7      | Reached skill level 10 in Spellcasting
  6279 | D:7      | Found a staircase to the Ecumenical Temple.
  6291 | Temple   | Entered the Ecumenical Temple
  6308 | Temple   | Became a worshipper of Sif Muna the Loreminder
  6990 | D:7      | Noticed Duvessa
  6990 | D:7      | Noticed Dowan
  6993 | D:7      | Killed Duvessa
  6994 | D:7      | Killed Dowan
  7718 | D:7      | Found a staircase to the Lair.
  7994 | D:8      | Reached * piety under Sif Muna
  7997 | D:8      | Received a gift from Sif Muna
  7997 | D:8      | Reached XP level 10. HP: 56/56 MP: 14/26
  8139 | D:8      | Reached skill level 11 in Spellcasting
  8250 | D:8      | Found a staircase to the Orcish Mines.
  8848 | D:8      | Found a shattered altar of Ashenzari.
  8853 | D:8      | Found a stormy altar of Qazlal.
  9110 | Orc      | Entered the Orcish Mines
  9233 | Orc      | Noticed Jorgrun
  9246 | Orc      | Killed Jorgrun
  9246 | Orc      | Identified Sif Muna's Incunabulum of the Unholy Birds (Sif
                  | Muna gifted it to you in the Orcish Mines)
  9246 | Orc      | Received a gift from Sif Muna
  9246 | Orc      | Reached skill level 10 in Dodging
  9246 | Orc      | Reached skill level 12 in Spellcasting
  9246 | Orc      | Reached XP level 11. HP: 28/61 MP: 9/29
  9267 | Orc      | Learned a level 7 spell: Mana Rupture
  9271 | Orc      | Learned a level 3 spell: Regeneration
  9657 | Orc      | Noticed a two-headed ogre
  9702 | Orc      | Killed a two-headed ogre
  9702 | Orc      | Reached ** piety under Sif Muna
  9702 | Orc      | Reached skill level 1 in Charms
  9879 | Orc      | Noticed a two-headed ogre
  9884 | Orc      | Killed a two-headed ogre
  9927 | Orc      | Noticed a deep troll
  9940 | Orc      | Killed a deep troll
  9940 | Orc      | Reached skill level 13 in Spellcasting
 10020 | Orc      | Noticed a two-headed ogre
 10023 | Orc      | Killed a two-headed ogre
 10026 | Orc      | Noticed a two-headed ogre
 10036 | Orc      | Killed a two-headed ogre
 10036 | Orc      | Received a gift from Sif Muna
 10047 | Orc      | Learned a level 5 spell: Bolt of Magma
 10157 | Orc      | Noticed a two-headed ogre
 10162 | Orc      | Killed a two-headed ogre
 10162 | Orc      | Reached XP level 12. HP: 66/66 MP: 10/31
 10430 | Orc      | Noticed a two-headed ogre
 10447 | Orc      | Killed a two-headed ogre
 10507 | Orc      | Reached skill level 14 in Spellcasting
 10609 | Orc      | Noticed an ogre mage
 10612 | Orc      | Noticed a two-headed ogre
 10614 | Orc      | Killed an ogre mage
 10630 | Orc      | Killed a two-headed ogre
 10700 | Orc      | Identified Sif Muna's Papyrus of Creative Attacks (Sif Muna
                  | gifted it to you in the Orcish Mines)
 10700 | Orc      | Received a gift from Sif Muna
 10756 | Orc      | Found Ytaaceas's Antique Armour Emporium.
 10776 | Orc      | Noticed an ogre mage
 10779 | Orc      | Killed an ogre mage
 10948 | Orc      | Found a staircase to the Elven Halls.
 10975 | Orc      | Noticed a two-headed ogre
 10978 | Orc      | Killed a two-headed ogre
 11001 | Orc      | Noticed a deep troll
 11005 | Orc      | Killed a deep troll
 11045 | Orc      | Found Wuxe's Food Emporium.
 11046 | Orc      | Found Huul's Gadget Shop.
 11048 | Orc      | Bought a pair of embroidered gloves for 232 gold pieces
 11067 | Orc      | Found Joijauso's Gadget Shoppe.
 11186 | Lair:1   | Entered Level 1 of the Lair of Beasts
 11302 | Lair:1   | Noticed a six-headed hydra
 11387 | Lair:1   | Killed a six-headed hydra
 11531 | Lair:1   | Reached skill level 5 in Hexes
 11531 | Lair:1   | Reached skill level 1 in Transmutations
 11672 | Lair:1   | Reached *** piety under Sif Muna
 11692 | Lair:1   | Reached skill level 15 in Spellcasting
 12029 | Lair:1   | Reached XP level 13. HP: 71/71 MP: 27/34
 12382 | Lair:2   | Identified Kogijil's Almanac of the Volcanoes and Curses
                  | (Sif Muna gifted it to you on level 2 of the Lair of
                  | Beasts)
 12382 | Lair:2   | Received a gift from Sif Muna
 12753 | Lair:2   | Identified the +5 spear of Tyerhyk {pierce, Str+4} (You
                  | found it on level 6 of the Dungeon)
 12889 | Lair:2   | Reached skill level 15 in Conjurations
 13517 | Lair:3   | Reached skill level 1 in Shields
 13726 | Lair:3   | Noticed Nergalle
 13733 | Lair:3   | Killed Nergalle
 13913 | Lair:3   | Noticed Snorg
 13922 | Lair:3   | Killed Snorg
 14339 | Lair:3   | Found a snail-covered altar of Cheibriados.
 14882 | Lair:4   | Noticed Harold
 14890 | Lair:4   | Reached skill level 16 in Spellcasting
 14898 | Lair:4   | Killed Harold
 15008 | Lair:4   | Found a hole to the Spider Nest.
 15288 | Lair:4   | Found a runed translucent gate.
 15288 | Lair:4   | Found a runed translucent gate.
 15288 | Lair:4   | Found a runed translucent gate.
 15288 | Lair:4   | Noticed SirMumm's ghost (journeyman GrWz)
 15294 | Lair:4   | Noticed Rupert
 15308 | Lair:4   | Killed Rupert
 15414 | Lair:4   | Found a staircase to the Swamp.
 15439 | Lair:4   | Found a dark tunnel.
 15444 | Volcano  | Entered a volcano
 15676 | Volcano  | Engulfed by a cloud of flame

Skill      XL: |  1  2  3  4  5  6  7  8  9 10 11 12 13 |
---------------+----------------------------------------+-----
Conjurations   | 5 6 7 8 9 10 11 13 14 15 | 15.4
Spellcasting   | 3 4 5 7 8 10 12 13 15 16 | 16.4
Dodging        | 3 4 5 6 8 10 11 12 13 | 13.9
Stealth        | 2 3 |  3.4
Hexes          | 2 4 5 |  5.7
Charms         | 1 |  1.1
Transmutations | 1 |  1.2
Shields        | 2 |  2.0
Necromancy     | |  0.5

Action                   |  1- 3 |  4- 6 |  7- 9 | 10-12 | 13-15 || total
-------------------------+-------+-------+-------+-------+-------++-------
 Cast: Magic Dart        |    70 |    79 |   113 |    50 |    24 ||   336
       Iskenderun's Myst |     5 |    33 |   109 |   204 |   138 ||   489
       Dazzling Spray    |       |       |    21 |    37 |    15 ||    73
       Confuse           |       |       |     5 |       |    14 ||    19
       Irradiate         |       |       |       |     4 |     4 ||     8
       Regeneration      |       |       |       |     2 |       ||     2
  Use: Scroll            |     1 |       |       |       |     3 ||     4
  Eat: Chunk             |     1 |     5 |     6 |    11 |     4 ||    27
       Ration            |       |       |     3 |       |     2 ||     5
Armor: Skin              |     3 |       |     7 |     9 |     2 ||    21
Dodge: Dodged            |    13 |    17 |    33 |    38 |    23 ||   124
Block: Other             |     2 |     3 |    13 |    27 |       ||    45
       Shield            |       |       |       |     6 |    23 ||    29
